Map: Acid Plant LE

Players

GOStephano (Stephano) - Winner!

  • Race: Zerg Zerg
  • League: Master
  • Spawn Location: 5:00

InZaNe

  • Race: Terran Terran
  • League: Grandmaster
  • Spawn Location: 11:00

Event: HomeStory Cup XVII

VOD

Have the link to the VOD?

Description

Time

  • Played on: June 28, 2018, 12:02 p.m.
  • Length: 21:14

All games in this series

Show
View Real Time Build Order
Export as new Build Order

GOStephano Zerg - Winner!

Build Orders: Hatch First 

Get SALT Encoding   

  12  0:00  Drone  
  13  0:12  Overlord  
  13  0:17  Drone  
  14  0:30  Drone x2  
  16  0:48  Hatchery  
  15  0:51  Drone  
  15  0:54  Drone  
  17  0:58  Drone  
  18  1:09  Extractor  
  17  1:14  Spawning Pool  
  17  1:16  Drone  
  17  1:21  Drone  
  18  1:30  Drone  
  19  1:39  Drone  
  20  1:49  Drone  
  21  2:00  Queen  
  21  2:01  Queen  
  23  2:02  Zergling x4  
  27  2:11  Overlord  
  27  2:15  Drone  
  28  2:22  Hatchery  
  27  2:27  Metabolic Boost  
  27  2:32  Drone  
  27  2:34  Drone  
  27  2:36  Drone  
  30  2:40  Drone  
  31  2:46  Queen  
  31  2:51  Overlord  
  33  2:54  Drone  
  33  2:57  Drone  
  35  3:02  Overlord  
  35  3:10  Drone  
  36  3:13  Drone x5  
  41  3:21  Queen  
  41  3:25  Drone x2  
  45  3:29  Overlord  
  45  3:31  Drone x2  
  47  3:35  Overlord  
  47  3:43  Queen  
  47  3:45  Drone x2  
  51  3:55  Zergling x14  
  57  4:00  Queen  
  60  4:03  Overlord  
  60  4:12  Drone  
  60  4:13  Evolution Chamber  
  60  4:14  Drone  
  60  4:15  Drone, Evolution Chamber  
  60  4:16  Spore Crawler  
  60  4:18  Drone  
  60  4:33  Drone x7  
  67  4:39  Spore Crawler  
  67  4:40  Drone x5  
  67  4:45  Zerg Ground Armor Level 1  
  71  4:47  Zerg Melee Weapons Level 1  
  68  5:00  Drone x3  
  68  5:06  Drone x3  
  74  5:11  Overlord x2  
  74  5:13  Extractor  
  73  5:14  Lair  
  73  5:17  Hatchery  
  72  5:23  Extractor, Drone  
  72  5:25  Hatchery  
  72  5:28  Drone x3  
  74  5:33  Zergling x14  
  80  5:45  Drone  
  80  5:46  Roach Warren  
  80  5:50  Spore Crawler  
  80  5:55  Overlord  
  80  5:56  Drone x3  
  82  5:59  Zergling x16  
  82  6:00  Overlord  
  90  6:10  Overlord x2  
  90  6:11  Overlord  
  90  6:16  Overlord  
  90  6:31  Drone x10  
  94  6:42  Baneling Nest, Zerg Ground Armor Level 2, Zerg Melee Weapons Level 2  
  94  6:45  Drone x9  
  101  6:57  Hatchery  
  87  7:09  Zergling x24  
  87  7:10  Extractor  
  87  7:11  Extractor  
  87  7:12  Zergling x20  
  107  7:30  Baneling x3  
  107  7:31  Baneling x3, Centrifical Hooks  
  107  7:33  Overlord  
  107  7:34  Hatchery  
  107  7:35  Overlord, Infestation Pit  
  107  7:36  Zergling x18  
  114  7:45  Drone x5  
  114  7:46  Drone  
  114  7:49  Baneling x8  
  120  7:52  Overlord  
  120  7:53  Overlord  
  120  7:54  Zergling x12  
  122  8:02  Zergling x2  
  122  8:03  Zergling x12  
  125  8:11  Extractor, Drone x5  
  125  8:12  Hydralisk Den, Drone  
  129  8:13  Extractor  
  129  8:14  Extractor  
  129  8:15  Zergling x2, Hive  
  129  8:16  Zergling x2  
  129  8:22  Zergling x10  
  134  8:30  Zergling x8  
  135  8:45  Hydralisk x11  
  156  8:57  Hydralisk x4  
  156  8:59  Overlord  
  164  9:06  Drone x5  
  170  9:10  Zergling x24  
  170  9:14  Zergling x8  
  185  9:17  Zerg Missile Weapons Level 1  
  185  9:19  Evolution Chamber  
  185  9:22  Zergling x10  
  185  9:23  Zergling x2  
  190  9:26  Baneling  
  190  9:27  Baneling x8  
  190  9:28  Baneling x2  
  190  9:30  Baneling x4  
  190  9:31  Baneling  
  190  9:34  Muscular Augments  
  190  9:36  Zergling x6  
  193  9:40  Zergling x2  
  193  9:41  Zergling x6  
  197  9:54  Spine Crawler x2  
  197  9:55  Pneumatized Carapace  
  189  10:13  Zergling x8  
  189  10:14  Zergling x8  
  162  10:17  Hydralisk x3  
  162  10:18  Zergling x36  
  177  10:23  Zergling x8  
  177  10:25  Baneling x8  
  177  10:27  Baneling x9  
  177  10:28  Baneling x3  
  181  10:37  Overlord  
  181  10:40  Hatchery  
  180  10:43  Zergling x18  
  180  10:45  Grooved Spines  
  180  10:49  Zerg Ground Armor Level 3  
  189  10:53  Zerg Melee Weapons Level 3  
  183  11:04  Zergling x2  
  183  11:05  Zergling x22  
  183  11:10  Zergling x2  
  183  11:11  Zergling x2  
  179  11:13  Zergling x16  
  179  11:17  Zergling x8  
  186  11:28  Baneling x14, Zergling x2  
  186  11:29  Zergling x8  
  189  11:40  Zergling x20  
  189  11:44  Baneling x10  
  199  11:53  Zergling x12  
  197  12:01  Baneling x11  
  197  12:05  Zerg Missile Weapons Level 2  
  197  12:10  Zergling x6  
  155  12:38  Zergling x2  
  155  12:39  Zergling x50  
  155  12:42  Hydralisk x6  
  155  12:43  Hydralisk x2  
  168  12:47  Zergling x4  
  166  12:52  Drone x5  
  166  12:58  Baneling x11  
  171  12:59  Adrenal Glands  
  171  13:09  Drone x6, Ultralisk Cavern  
  176  13:16  Baneling x8  
  176  13:17  Zergling x14  
  183  13:27  Zergling x8  
  183  13:28  Zergling x14  
  192  13:40  Zergling x26  
  176  13:46  Baneling x2  
  176  13:47  Baneling x14  
  176  13:56  Zergling x2  
  176  13:57  Zergling x24  
  189  14:11  Zergling x2  
  189  14:12  Zergling x18  
  189  14:15  Chitinous Plating  
  195  14:48  Zergling x10  
  160  15:00  Zergling x58  
  160  15:01  Zergling x8  
  160  15:05  Zergling x2  
  160  15:06  Zergling x2  
  184  15:09  Zerg Missile Weapons Level 3  
  184  15:15  Baneling x15  
  184  15:16  Baneling x4, Zergling x20  
  184  15:20  Baneling x9  
  184  15:21  Baneling x2  
  194  15:22  Overseer x3  
  194  15:24  Ultralisk  
  200  15:29  Hatchery  
  185  15:51  Zergling x30  
  185  15:52  Zergling x2  
  185  15:56  Zergling x2  
  185  15:57  Zergling x16  
  200  16:06  Baneling x15  
  200  16:07  Baneling  
  200  16:14  Burrow  
  195  16:42  Zergling x10  
  194  17:13  Spine Crawler  
  188  17:17  Spine Crawler  
  174  17:25  Zergling x2  
  174  17:26  Zergling x8  
  174  17:29  Zergling x28  
  180  17:30  Zergling x32  
  180  17:33  Zergling x22  
  192  17:49  Zergling x16  
  199  17:56  Overseer  
  199  17:57  Overlord  
  199  18:00  Baneling  
  199  18:01  Baneling x5  
  199  18:04  Hatchery  
  198  18:12  Zergling x34  
  199  18:18  Zergling x30  
  199  18:19  Zergling x2  
  200  18:28  Baneling  
  200  18:29  Baneling x20  
  200  18:35  Overseer  
  200  18:37  Spine Crawler  
  200  18:38  Zergling x2  
  162  18:56  Zergling x30  
  162  18:57  Zergling x18  
  162  19:01  Zergling x16  
  178  19:06  Zergling x4  
  177  19:12  Zergling x10  
  182  19:18  Hydralisk x6  
  182  19:21  Baneling x18  
  192  19:42  Zergling x12  
  192  19:43  Zergling x14  
  175  19:55  Zergling x44  
  175  19:58  Zergling x2  
  175  19:59  Zergling x10  
  185  20:04  Zergling x14  
  190  20:08  Baneling x8  
  190  20:09  Baneling x7  
  190  20:12  Baneling x22  
  190  20:25  Zergling x18  
  199  20:29  Baneling  
  199  20:30  Baneling x48  
  199  20:31  Baneling x13  
Show
View Real Time Build Order
Export as new Build Order

InZaNe Terran 

Build Orders: Reaper Expand, Bio Tank 

Get SALT Encoding   

  12  0:00  SCV  
  13  0:12  SCV  
  14  0:17  Supply Depot  
  14  0:25  SCV  
  15  0:38  SCV  
  15  0:40  Barracks  
  16  0:45  Refinery  
  16  0:50  SCV  
  17  1:02  SCV  
  18  1:14  SCV  
  19  1:28  Orbital Command, Reaper  
  20  1:41  Command Center  
  20  1:55  Supply Depot, SCV  
  20  1:59  Marine  
  22  2:07  Factory  
  22  2:10  SCV  
  23  2:15  Refinery  
  23  2:22  Barracks Reactor  
  23  2:23  SCV  
  24  2:35  SCV  
  25  2:47  SCV  
  26  2:52  Starport  
  26  2:53  Orbital Command  
  26  2:59  SCV  
  27  3:06  Barracks Tech Lab  
  27  3:09  Hellion  
  27  3:10  Hellion  
  27  3:11  SCV  
  32  3:23  SCV  
  32  3:24  SCV  
  34  3:33  Hellion x2  
  38  3:35  SCV  
  38  3:36  SCV  
  41  3:43  Barracks Tech Lab, Supply Depot  
  41  3:46  Raven  
  41  3:47  SCV  
  43  3:48  SCV  
  44  3:59  SCV, Hellion  
  46  4:05  SCV, Hellion  
  46  4:06  Supply Depot  
  49  4:11  SCV  
  50  4:17  SCV, Command Center  
  50  4:20  Hellion  
  50  4:23  SCV  
  54  4:28  Raven, Hellion  
  56  4:34  SCV  
  56  4:36  SCV  
  56  4:37  Supply Depot  
  54  4:41  Hellion  
  54  4:42  Stimpack, Marine  
  55  4:46  SCV  
  55  4:48  SCV  
  55  4:49  Hellion  
  55  4:51  Engineering Bay  
  59  4:53  Engineering Bay  
  59  4:59  SCV  
  56  5:00  SCV  
  58  5:07  Marine, Hellion  
  58  5:10  Supply Depot  
  58  5:11  SCV, Hellion  
  58  5:12  SCV  
  63  5:20  Barracks  
  63  5:21  Barracks  
  63  5:23  Refinery  
  63  5:24  Refinery  
  63  5:25  Starport Reactor  
  63  5:28  Terran Infantry Weapons Level 1  
  63  5:29  Terran Infantry Armor Level 1  
  63  5:34  Orbital Command  
  63  5:40  SCV x2  
  65  5:44  Marine  
  65  5:48  Siege Tank  
  69  5:52  SCV x2  
  69  5:55  Orbital Command  
  71  6:00  Barracks  
  71  6:02  Barracks  
  71  6:04  SCV x2  
  73  6:14  Marine  
  73  6:16  Starport Reactor, SCV, Marine x4  
  73  6:17  SCV  
  80  6:23  Supply Depot x2  
  80  6:24  Supply Depot  
  80  6:25  SCV  
  80  6:28  SCV  
  80  6:29  SCV  
  80  6:32  Marine  
  84  6:38  SCV, Marine x4  
  77  6:41  SCV x2  
  77  6:42  Siege Tank  
  82  6:47  Armory, Combat Shield  
  82  6:48  Barracks Reactor  
  82  6:49  Barracks Reactor  
  82  6:50  SCV, Marine  
  82  6:53  SCV  
  85  6:56  Marine x2  
  85  7:00  Marine x2  
  83  7:01  Medivac  
  83  7:06  Medivac  
  83  7:07  SCV x2, Marine  
  83  7:08  SCV  
  91  7:14  Marine  
  92  7:19  SCV  
  92  7:20  SCV  
  92  7:21  Siege Tank, Supply Depot x2, Marine  
  92  7:22  Marine x2  
  100  7:25  Marine  
  100  7:28  Marine x4  
  105  7:31  SCV x2, Marine  
  105  7:32  SCV  
  105  7:36  Supply Depot  
  109  7:37  Supply Depot  
  109  7:39  Marine x2  
  109  7:42  Medivac  
  109  7:43  SCV, Medivac  
  109  7:44  SCV x2  
  118  7:49  Marine  
  118  7:50  Marine x4  
  125  7:54  Refinery x2  
  125  7:55  SCV  
  125  7:56  SCV, Factory  
  125  8:01  Marine x2  
  125  8:02  Marine x2  
  125  8:03  Siege Tank  
  129  8:09  SCV  
  129  8:10  Terran Infantry Weapons Level 2  
  130  8:14  Terran Infantry Armor Level 2, Marine  
  130  8:17  Marine  
  130  8:18  Supply Depot x2, Marine x3  
  136  8:20  Supply Depot  
  135  8:27  Marine x2  
  135  8:28  Marine x2  
  135  8:29  Medivac, Command Center  
  135  8:32  Marine  
  142  8:35  Marine  
  142  8:36  Marine x3  
  142  8:37  Siege Tank  
  149  8:45  Marine x3  
  149  8:46  Marine  
  153  8:54  Marine x5  
  153  8:55  Factory Tech Lab  
  154  8:56  Medivac  
  154  8:59  Medivac  
  154  9:00  Terran Vehicle Weapons Level 1  
  158  9:05  Marine  
  158  9:08  Barracks  
  158  9:09  Siege Tank, Barracks  
  162  9:17  Marauder, Siege Tank, Marine  
  165  9:23  Marine x4  
  165  9:24  Marine  
  173  9:40  Marine x3, Medivac x2  
  173  9:41  Marauder  
  173  9:43  Siege Tank  
  185  9:47  SCV x3  
  185  9:49  Siege Tank  
  191  9:57  Barracks Tech Lab x2  
  191  9:58  Marine x5  
  191  9:59  SCV x3  
  199  10:09  Marine  
  199  10:10  Marine x3  
  163  10:16  Marine x4  
  163  10:17  Marine  
  163  10:18  Siege Tank  
  163  10:19  Medivac x2  
  163  10:20  Planetary Fortress  
  163  10:21  Siege Tank  
  169  10:33  Concussive Shells  
  167  10:36  Terran Infantry Weapons Level 3  
  167  10:39  Refinery  
  167  10:40  Refinery  
  167  10:42  Command Center  
  167  10:45  Marine x8  
  167  10:49  Terran Infantry Armor Level 3  
  175  10:53  Missile Turret  
  175  11:02  Marine x3  
  175  11:04  Liberator  
  176  11:10  Marine x6  
  158  11:13  Marine x2  
  158  11:15  Siege Tank x2  
  158  11:20  Marine x2  
  158  11:21  Ghost Academy, Marine  
  158  11:23  Medivac  
  166  11:28  Marine x6  
  166  11:31  Marine x2  
  174  11:38  Marine x2  
  174  11:39  Marine  
  174  11:55  Marine  
  174  11:56  Marauder x2, Marine x7  
  174  11:57  Marine  
  185  12:12  Barracks  
  185  12:13  Barracks x2  
  185  12:15  Ghost  
  187  12:17  Ghost x2, Command Center  
  187  12:22  Siege Tank x2  
  197  12:30  Terran Vehicle Weapons Level 2  
  182  12:39  Marine  
  182  12:40  Marine x7  
  182  12:41  Medivac x2  
  182  12:43  Marine  
  160  12:46  Marine x2  
  159  12:57  Siege Tank x2, Marine  
  159  12:58  Marine  
  167  13:01  Planetary Fortress, Ghost  
  167  13:03  Marine x6, Ghost x2  
  181  13:09  Barracks Tech Lab x2  
  181  13:11  Refinery  
  179  13:14  Refinery, Barracks Tech Lab, Hi-Sec Auto Tracking  
  179  13:15  Marine x2  
  181  13:22  Missile Turret  
  181  13:23  Marine x6  
  181  13:26  Structure Armor  
  187  13:28  Marine  
  187  13:29  Marauder, Ghost  
  187  13:32  Marine, Ghost  
  187  13:33  Marine x2  
  197  13:41  Marine, Ghost  
  179  13:42  Marine x4  
  179  13:47  Marauder, Siege Tank x2  
  193  13:50  Marauder, Ghost  
  194  13:57  Medivac  
  194  13:58  Medivac, Ghost  
  120  14:10  Orbital Command  
  200  14:12  Liberator x2  
  200  14:14  Command Center  
  200  14:21  Missile Turret  
  200  14:23  Missile Turret  
  195  14:24  Sensor Tower  
  195  14:25  Missile Turret  
  195  14:28  Siege Tank x2  
  199  14:36  Orbital Command  
  196  14:46  Terran Vehicle And Ship Armor Level 1  
  165  15:05  SCV  
  167  15:07  Marauder  
  167  15:08  Marauder x2, Siege Tank x2, Marine x3  
  167  15:09  Marine x5  
  188  15:17  Marauder x3  
  189  15:29  Marauder  
  191  15:39  Marine x5  
  191  15:40  Marine x4  
  178  15:50  Marine  
  178  15:53  SCV x4  
  174  15:57  Command Center  
  174  16:00  Personal Cloaking  
  174  16:09  Siege Tank x2, Orbital Command  
  174  16:10  Ghost x5  
  189  16:15  Ghost  
  188  16:38  Ghost  
  188  16:39  Ghost x2  
  185  16:40  Terran Vehicle Weapons Level 3  
  185  16:47  Medivac x2  
  191  16:48  Command Center  
  193  17:02  SCV  
  189  17:17  Orbital Command  
  180  17:25  Nuke  
  161  17:30  Siege Tank  
  161  17:35  Ghost x5  
  161  17:37  SCV x2, Factory Tech Lab  
  172  17:40  SCV x2  
  177  17:49  SCV  
  177  17:52  Orbital Command  
  177  17:53  Sensor Tower  
  177  17:55  Missile Turret  
  177  17:58  Marine x8  
  178  18:02  Siege Tank  
  188  18:10  Factory  
  188  18:11  Marine, Factory  
  167  18:24  Marauder x3, Unknown, Marine x10  
  183  18:33  Missile Turret  
  183  18:34  Siege Tank  
  186  18:43  Orbital Command  
  184  18:48  Marine  
  184  18:49  Marauder x3, Marine  
  184  18:50  Marine x2  
  163  19:04  Marine  
  163  19:20  Factory Tech Lab x2  
  163  19:28  Supply Depot x2  
  163  19:29  Supply Depot  
  163  19:30  Supply Depot  
  163  19:33  Liberator x2  
  163  19:35  Unknown x9  
  163  19:36  Unknown x3  
  154  19:49  Marine x2  
  154  19:51  Siege Tank  
  151  20:05  Marauder  
  151  20:06  Marine x6  
  156  20:20  Orbital Command  
  156  20:24  Supply Depot  
  156  20:25  Supply Depot  
  156  20:30  Planetary Fortress  
  156  20:45  SCV x2, Marine  
  156  20:46  Marine x2  
  167  20:56  Unknown x2  
  148  20:57  SCV  
  148  20:58  SCV  
Tags
 
Add a new tag
Caveats
  • Supply blocks, unpowered buildings, or Contaminate may cause inaccurate times.
  • Supply counts are checked every 10 seconds.